AoeStats
← NomadRider5217

MegaRandom

510580575Analyzed
4v4 RM · 20h ago on Oct 1, 2026· 46m 8s· 8 players
Game mode
Random Map
Map size
Large (8 player)
Population
200
Speed
Normal
Resources
Standard
Victory
Conquest
Starting age
Dark Age
Ending age
Imperial Age
RankedLock teamsTeams togetherTeam positionsShared explorationLock speedFull tech treeHidden civsTurbo modeCheats
Victory
Defeat
🇰🇿 Saxons · Kazakhstan
940
+15
🇩🇪 Franks · Germany
859
+18
🇪🇸 Malay · Spain
808
+20
🇫🇷 Gurjaras · France
807
+20
🇷🇺 Celts · Russia
1049
-23
🇷🇺 Magyars · Russia
972
-21
841
-16
🇳🇱 Hindustanis · Netherlands
762
-13
Hoplites
4:47 Loom
13:28 Feudal Age
14:39 Double-Bit Axe
14:54 Gold Mining
14:56 Stone Mining
15:10 Man-at-Arms
15:59 Man-at-Arms
18:42 Forging
18:32 Scale Mail Armor
21:04 Castle Age
21:47 Scale Barding Armor
25:08 Gold Shaft Mining
25:19 Wheelbarrow
27:48 Squires
27:10 Long Swordsman
30:56 Imperial Age
29:16 Fletching
29:26 Padded Archer Armor
29:55 Chain Barding Armor
30:10 Iron Casting
30:33 Hand Cart
32:11 Conscription
32:19 Cavalier
33:01 Husbandry
33:41 Plate Barding Armor
34:07 Blast Furnace
33:03 Bodkin Arrow
39:37 Two-Handed Swordsman
44:06 Hoardings
43:42 Chivalry
43:51 Town Watch
44:57 Paladin
NomadRider5217
1:05 Loom
12:53 Feudal Age
14:21 Double-Bit Axe
15:15 Horse Collar
17:05 Wheelbarrow
21:59 Castle Age
23:26 Heavy Plow
23:38 Bow Saw
23:21 Gold Mining
24:34 Forging
26:34 Gold Shaft Mining
26:44 Kshatriyas
27:15 Bloodlines
27:05 Husbandry
26:28 Light Cavalry
31:44 Imperial Age
32:29 Iron Casting
32:00 Scale Barding Armor
33:30 Iron Casting
33:01 Scale Barding Armor
36:18 Chain Barding Armor
38:32 Imperial Age
36:18 Hand Cart
35:49 Town Watch
38:58 Heavy Camel Rider
38:59 Hussar
41:06 Coinage
43:11 Banking
46:23 Plate Barding Armor
fefibagigapaba
0:37 Loom
12:26 Feudal Age
13:46 Wheelbarrow
16:52 Castle Age
18:20 Hand Cart
19:01 Double-Bit Axe
18:56 Horse Collar
20:51 Scale Mail Armor
21:01 Forging
20:56 Gold Mining
22:15 Chain Mail Armor
23:01 Iron Casting
23:07 Squires
26:28 Gold Shaft Mining
25:49 Stone Mining
26:26 Arson
26:35 Fletching
29:39 Bodkin Arrow
33:18 Imperial Age
30:36 Town Watch
31:16 Bow Saw
31:08 Heavy Plow
33:09 Town Patrol
33:09 Gambesons
35:30 Treadmill Crane
36:11 Ballistics
36:25 Plate Mail Armor
35:56 Bracer
36:19 Conscription
35:24 Shield Wall
35:34 Elite Varangian Guard
36:48 Crop Rotation
37:19 Two-Man Saw
37:33 Devotion
37:45 Masonry
37:22 Arrowslits
37:51 Guilds
39:52 Hoardings
42:10 Architecture
42:41 Chemistry
41:38 Murder Holes
41:49 Siege Engineers
41:54 Fortified Wall
41:55 Scale Barding Armor
41:50 Padded Archer Armor
41:44 Sappers
41:35 Elite Hearth Troop
43:39 Chain Barding Armor
43:34 Leather Archer Armor
45:25 Clerical Recruitment
aRiPeiCh
0:47 Loom
10:19 Feudal Age
10:53 Wheelbarrow
10:54 Double-Bit Axe
12:52 Horse Collar
13:13 Gold Mining
16:39 Forging
16:35 Scale Barding Armor
17:01 Stone Mining
21:49 Castle Age
24:47 Castle Age
26:14 Fletching
28:36 Castle Age
28:57 Hand Cart
30:45 Heavy Plow
36:13 Husbandry
36:43 Town Watch
38:06 Bow Saw
39:45 Coinage
40:30 Iron Casting
42:20 Gold Shaft Mining
42:30 Town Patrol
43:02 Caravan
43:44 Stone Shaft Mining
48:18 Imperial Age
nel
2:49 Loom
11:08 Feudal Age
11:41 Double-Bit Axe
16:43 Castle Age
15:06 Stone Mining
16:43 Gold Mining
17:02 Scale Barding Armor
17:48 Husbandry
18:33 Bloodlines
19:48 Wheelbarrow
20:34 Stone Shaft Mining
21:26 Chain Barding Armor
22:18 Forging
22:51 Gold Shaft Mining
23:43 Hand Cart
23:56 Horse Collar
27:00 Iron Casting
30:38 Imperial Age
29:31 Caravan
29:29 Murder Holes
32:40 Conscription
33:03 Heavy Camel Rider
34:48 Bow Saw
37:05 Two-Man Saw
36:07 Grand Trunk Road
37:45 Plate Barding Armor
38:11 Blast Furnace
40:39 Fortified Wall
43:02 Ballistics
42:45 Padded Archer Armor
45:11 Fletching
Волк с лузстрик
11:13 Feudal Age
14:20 Wheelbarrow
15:07 Horse Collar
15:18 Double-Bit Axe
15:39 Padded Archer Armor
15:30 Fletching
18:25 Gold Mining
22:23 Castle Age
20:44 Scale Mail Armor
20:58 Forging
22:31 Crossbowman
23:17 Thumb Ring
23:27 Thumb Ring
23:05 Pikeman
23:46 Squires
23:33 Arson
29:07 Hand Cart
32:51 Bodkin Arrow
33:11 Leather Archer Armor
Ventanni
9:02 Loom
12:45 Feudal Age
13:19 Double-Bit Axe
16:57 Castle Age
15:03 Horse Collar
16:59 Scale Barding Armor
19:23 Wheelbarrow
21:30 Chain Barding Armor
21:27 Corvinian Army
25:02 Heavy Plow
25:17 Bow Saw
28:22 Hand Cart
34:46 Imperial Age
32:04 Town Watch
36:15 Conscription
35:57 Recurve Bow
38:30 Crop Rotation
38:05 Scale Mail Armor
38:46 Plate Barding Armor
38:26 Man-at-Arms
38:40 Pikeman
39:08 Arson
39:03 Elite Magyar Huszar
40:25 Hoardings
41:56 Hoardings
Islamchik
11:01 Feudal Age
16:29 Castle Age
15:24 Loom
18:52 Scale Mail Armor
22:54 Forging
24:28 Horse Collar
27:53 Chain Mail Armor
30:54 Wheelbarrow
36:06 Murder Holes
Connection lost

Rejoining the realm…

Still unreachable

The connection could not be restored.

Session expired

The server has moved on; the page needs a fresh start.